 Dungeon Crawl Stone Soup version 0.27-a0-592-g0306a34022 (webtiles) character file.

Game seed: 12733910830320681016

5981 littlecub the Geomancer (level 10, -2/60 HPs)
             Began as a Gargoyle Earth Elementalist on Mar 10, 2021.
             Was a Believer of Vehumet.
             Slain by a wyvern (9 damage)
             ... on level 8 of the Dungeon.
             The game lasted 00:29:24 (14467 turns).

littlecub the Geomancer (GrEE)                     Turns: 14467, Time: 00:29:25

Health: -2/60      AC: 15    Str: 15    XL:     10   Next: 85%
Magic:  28/28      EV: 12    Int: 18    God:    Vehumet [**....]
Gold:   655        SH:  0    Dex: 10    Spells: 9/21 levels left

rFire    . . .     SeeInvis .   D - +0 lajatang
rCold    . . .     Faith    .   (shield currently unavailable)
rNeg     + . .     Spirit   .   E - +3 leather armour of the Gusle {Str+2}
rPois    ∞         Reflect  .   (no helmet)
rElec    +         Harm     .   x - +0 cloak
rCorr    +         Rampage  .   h - +0 pair of gloves
Will     .....                  (no boots)
Stlth    ++........             (no amulet)
HPRegen  0.20/turn              y - ring of magical power
MPRegen  0.21/turn              n - ring of resist corrosion

@: about to teleport
A: negative energy resistance 1, electricity resistance, torment resistance 1,
unbreathing 1, petrification resistance, AC +7
a: Renounce Religion


You were on level 8 of the Dungeon.
You worshipped Vehumet.
Vehumet was pleased with you.
You visited 2 branches of the dungeon, and saw 11 of its levels.
You also visited: Sewer.

You collected 655 gold pieces.

Inventory:

Hand Weapons
 j - a +2 dagger of flaming
 D - a +0 lajatang (weapon)
Missiles
 b - 154 stones
 e - 71 poisoned darts
Armour
 h - a +0 pair of gloves (worn)
 w - a +0 robe of cold resistance
 x - a +0 cloak (worn)
 A - a +2 kite shield
 E - the +3 leather armour of the Gusle (worn) {Str+2}
   (You found it on level 8 of the Dungeon)

   It affects your strength (+2).
Jewellery
 a - a ring of see invisible
 g - a ring of protection from fire
 n - a ring of resist corrosion (left hand)
 y - a ring of magical power (right hand)
 G - a +6 ring of strength
Wands
 l - a wand of polymorph (10)
 B - a wand of acid (4)
Scrolls
 d - a scroll of amnesia
 i - 2 scrolls of fog
 m - 4 scrolls of teleportation
 t - 2 scrolls of enchant weapon {unknown}
 z - 4 scrolls of enchant armour
 F - a scroll of magic mapping
 H - a scroll of immolation {unknown}
Potions
 c - a potion of ambrosia {unknown}
 f - 4 potions of curing {unknown}
 k - 3 potions of heal wounds {unknown}
 o - a potion of brilliance {unknown}
 p - 2 potions of mutation {unknown}
 q - 4 potions of flight {unknown}
 r - a potion of invisibility
 u - a potion of magic {unknown}
 v - 2 potions of attraction {unknown}
 C - a potion of haste {unknown}


   Skills:
 + Level 5.6 Fighting
 + Level 1.8 Staves
 + Level 4.6 Dodging
 - Level 2.1 Stealth
 + Level 3.2 Shields
 + Level 6.4 Spellcasting
 * Level 8.0 Conjurations
 + Level 4.3 Transmutations
 * Level 9.7 Earth Magic


You had 9 spell levels left.
You knew the following spells:

 Your Spells              Type           Power      Damage    Failure   Level
a - Sandblast             Erth           80%        2d17      1%          1
b - Stone Arrow           Conj/Erth      74%        3d11      1%          3
c - Lee's Rapid Deconstr  Erth           20%        3d13*     7%          5
d - Foxfire               Conj/Fire      80%        2x1d8     2%          1
w - Passwall              Tmut/Erth      25%        N/A       1%          2

Your spell library contained the following spells:

 Spells                   Type           Power      Damage    Failure   Level
 Petrify                  Tmut/Erth      31%        N/A       8%          4
 Animate Skeleton         Necr           10%        N/A       14%         1
 Apportation              Tloc           10%        N/A       14%         1
 Corona                   Hex            5%         N/A       14%         1
 Summon Small Mammal      Summ           20%        N/A       14%         1


Dungeon Overview and Level Annotations

Branches:
Dungeon (10/15)            Temple (1/1) D:7            Lair (0/6) D:10
  Sewer (visited)
    Orc: D:9-12

Altars:
Ashenzari
Cheibriados
Dithmenos
Elyvilon
Fedhas
Hepliaklqana
Kikubaaqudgha
Makhleb
Nemelex Xobeh
Okawaru
Qazlal
Ru
Trog
Uskayaw
Vehumet
Wu Jian
Xom
Yredelemnul
Zin
The Shining One
Beogh

Annotations:
D:5 3 runed translucent doors, Edmund; logorrheac's ghost, novice OpVM
D:7 2 runed translucent doors, exclusion: orange crystal statue
D:9 3 runed translucent doors, jasper's ghost, novice SpEE


Innate Abilities, Weirdness & Mutations

Your stone body is resilient. (AC +7)
You are immune to poison.
You resist negative energy. (rN+)
You are resistant to electric shocks. (rElec)
You are resistant to unholy torment.
You can survive without breathing.
You are immune to petrification.


Message History

The wyvern bites you. The wyvern bites you! The wyvern misses you.
The wyvern hisses menacingly.
The wyvern closely misses you.
The wyvern bites you but does no damage.
Jasper's ghost threatens, "Do not fail me, O fires of Iskenderun!"
The wyvern bites you!
* * * LOW HITPOINT WARNING * * *
The wyvern closely misses you. The wyvern bites you!
* * * LOW HITPOINT WARNING * * *
Blink to where?
Press: ? - help, Dir - move target You can't see that place. [the floor.]
Okay, then.
Blink to where?
Press: ? - help, Dir - move target
As you read the scroll of blinking, it crumbles to dust.
The wyvern bites you but does no damage.
Okay, then.
Unknown command.
You barely miss the wyvern.
The wyvern is heavily wounded.
The wyvern barely misses you. The wyvern closely misses you.
Press: ? - help, v - describe, . - travel
Here: a wyvern (moderately wounded)
The floor.
Okay, then.
The wyvern bites you but does no damage.
The wyvern completely misses you. The wyvern bites you.
* * * LOW HITPOINT WARNING * * *
There is an escape hatch in the ceiling here.
The wyvern bites you.
* * * LOW HITPOINT WARNING * * *
A mysterious force pulls you upwards. The hatch slams shut behind you.
As you read the scroll of teleportation, it crumbles to dust.
You feel strangely unstable. The wyvern bites you!
You die...

...##.....##......####...........
.................................
.................................
..........>......................
#####.#######..........##########
..........###..........#######
..........#.......)......)...#
.............#...l...........#
.............#..@............#
.............#...............#
.............########........#
.............# #........#
.............#### #........#
................# #........#
................# #........#
......####......# ##########
......# #......#


You could see a wyvern.

Vanquished Creatures
  Pikel (D:7)
  Joseph (D:9)
  A troll (D:9)
  Prince Ribbit (D:7)
  A wraith (D:7)
  7 wargs
  A black bear (D:6)
  2 ice beasts
  An orc warrior (D:7)
  2 sky beasts
  A necrophage (D:7)
  4 centaurs
  5 ogres
  2 lemures (D:7)
  An elf zombie (D:7)
  2 bullfrogs
  A scorpion (D:6)
  11 killer bees
  10 wights
  A howler monkey (D:4)
  A crimson imp (D:4)
  6 hounds
  4 human zombies (D:7)
  A jelly (D:6)
  Crazy Yiuf (D:6)
  3 orc priests
  Terence (D:1)
  2 iguanas (D:5)
  4 orc wizards
  5 worker ants
  An ogre zombie (D:7)
  2 hound zombies
  2 mummies (D:7)
  12 gnolls
  12 adders
  2 shadow imps (D:6)
  2 white imps
  2 oozes
  4 worms
  3 dart slugs
  7 leopard geckos
  27 orcs
  2 ball pythons
  15 bats
  4 giant cockroaches
  8 goblins
  6 hobgoblins
  17 jackals
  4 quokkas
  8 frilled lizards
  8 kobolds
  A leopard gecko skeleton (D:6)
  An orc skeleton (D:7)
  11 rats
245 creatures vanquished.

Vanquished Creatures (others)
  3 plants (D:7)
3 creatures vanquished.

Grand Total: 248 creatures vanquished

Notes
Turn   | Place    | Note
-------+----------+-------------------------------------------
     0 | D:1      | littlecub the Gargoyle Earth Elementalist began the quest
                  | for the Orb.
     0 | D:1      | Reached XP level 1. HP: 10/10 MP: 3/3
   197 | D:1      | Reached XP level 2. HP: 10/15 MP: 5/5
   624 | D:1      | Reached skill level 4 in Earth Magic
   835 | D:1      | Reached skill level 1 in Transmutations
   999 | D:1      | Reached XP level 3. HP: 20/20 MP: 6/6
  1003 | D:1      | Learned a level 3 spell: Stone Arrow
  1761 | D:2      | Reached skill level 1 in Fighting
  1860 | D:2      | Noticed Terence
  1980 | D:1      | Killed Terence
  1981 | D:1      | Reached skill level 1 in Conjurations
  1981 | D:1      | Reached XP level 4. HP: 15/25 MP: 0/7
  2606 | D:2      | Noticed Sigmund
  2619 | D:2      | Noticed Sigmund
  2619 | D:2      | Sigmund changed into Sigmund the goblin
  2622 | D:2      | Killed Sigmund the goblin
  2739 | D:2      | Reached XP level 5. HP: 20/29 MP: 0/9
  2923 | D:2      | Learned a level 5 spell: Lee's Rapid Deconstruction
  3533 | D:3      | Reached skill level 5 in Earth Magic
  3536 | D:3      | Reached XP level 6. HP: 34/35 MP: 2/10
  4101 | D:4      | Found a glowing drain.
  4110 | Sewer    | Entered a sewer
  5035 | D:4      | Found a burning altar of Makhleb.
  5074 | D:4      | Found a burning altar of Makhleb.
  5087 | D:4      | Reached XP level 7. HP: 40/40 MP: 7/12
  5285 | D:5      | Entered Level 5 of the Dungeon
  5415 | D:5      | Learned a level 2 spell: Passwall
  5466 | D:5      | Noticed logorrheac's ghost (novice OpVM)
  5466 | D:5      | Identified the +1 dagger of Integrity {pain, Int+4}
  5468 | D:5      | Found a runed translucent gate.
  5468 | D:5      | Found a runed translucent gate.
  5468 | D:5      | Found a runed translucent gate.
  5537 | D:5      | Found a bloodstained altar of Trog.
  5928 | D:5      | Reached skill level 6 in Earth Magic
  6400 | D:5      | Reached XP level 8. HP: 42/46 MP: 10/14
  6437 | D:5      | Found a sparkling altar of Nemelex Xobeh.
  6450 | D:5      | Found a white marble altar of Elyvilon.
  7118 | D:6      | Noticed Edmund
  7812 | D:6      | Found a runed translucent door.
  7813 | D:6      | Noticed Crazy Yiuf
  7819 | D:6      | Killed Crazy Yiuf
  8116 | D:6      | Reached skill level 7 in Earth Magic
  8117 | D:6      | Reached skill level 5 in Conjurations
  8124 | D:6      | Reached skill level 5 in Spellcasting
  8239 | D:6      | Reached XP level 9. HP: 39/52 MP: 12/16
  9406 | D:7      | Reached skill level 8 in Earth Magic
  9549 | D:7      | Found a staircase to the Ecumenical Temple.
  9559 | Temple   | Entered the Ecumenical Temple
  9731 | Temple   | Became a worshipper of Vehumet
  9858 | D:7      | Noticed an orange crystal statue
  9878 | D:7      | Found the +10 tower shield of Ignorance {rN+ Int-4}
  9878 | D:7      | Found a runed translucent door.
  9899 | D:7      | Found a runed translucent door.
  9912 | D:7      | Noticed Pikel
  9964 | D:7      | Killed Pikel
  9965 | D:7      | Reached skill level 1 in Shields
 10426 | D:7      | Reached XP level 10. HP: 58/58 MP: 19/19
 10617 | D:7      | Reached skill level 5 in Fighting
 10966 | D:7      | Reached skill level 9 in Earth Magic
 10969 | D:7      | Reached * piety under Vehumet
 10969 | D:7      | Offered knowledge of Shock by Vehumet.
 11197 | D:7      | Found a shadowy altar of Dithmenos.
 11284 | D:7      | Noticed Prince Ribbit
 11288 | D:7      | Killed Prince Ribbit
 11461 | D:7      | Found an ornate altar of the Wu Jian Council.
 11498 | D:7      | Found an ancient bone altar of Kikubaaqudgha.
 11801 | D:7      | Noticed an orc knight
 12071 | D:8      | Identified the +3 leather armour of the Gusle {Str+2}
 12268 | D:8      | Found a snail-covered altar of Cheibriados.
 12599 | D:9      | Noticed jasper's ghost (novice SpEE)
 12603 | D:9      | Found a runed translucent gate.
 12603 | D:9      | Found a runed translucent gate.
 12603 | D:9      | Found a runed translucent gate.
 12785 | D:9      | Reached skill level 1 in Staves
 13130 | D:9      | Reached ** piety under Vehumet
 13130 | D:9      | Offered knowledge of Foxfire by Vehumet.
 13133 | D:9      | Learned a level 1 spell: Foxfire
 13222 | D:9      | Noticed Joseph
 14019 | D:9      | Killed Joseph
 14435 | D:10     | Entered Level 10 of the Dungeon
 14435 | D:10     | Found a staircase to the Lair.
 14467 | D:8      | Slain by a wyvern

Illustrated notes

Levels and vault maps discovered:
D:1:      lemuel_arrival_muddy, layout_basic, serial_bayou, serial_bayou_pond_d,
          serial_bayou_pond_c, serial_bayou_pond_a, serial_bayou_lagoon_b,
          minmay_pentomino_v2
D:2:      layout_basic, uniq_terence, uniq_sigmund
D:3:      layout_basic, minmay_misc_feat_room, kennysheep_orc_chapel
D:4:      layout_gridville, makhleb_grotto_becter, portal_sewer_entry_d,
          lemuel_statue_altar
D:5:      layout_rooms, nemelex_xobeh_ov_fountains_minmay, kennysheep_mini,
          gammafunk_ghost_nasty_kobolds, elyvilon_altar_3
D:6:      minmay_diamond_boxcup, layout_loops_ring, serial_glass,
          glass_columns_a, glass_columns_c, glass_columns_a, glass_columns_a,
          glass_columns_b, glass_columns_b, uniq_crazy_yiuf_cottage, uniq_edmund
D:7:      lemuel_castle_with_subvaults [lemuel_castle_interior_carwin_1],
          layout_gridville, lemuel_mausoleum_altar_yredelemnul,
          nicolae_overflow_crystal_walls, nzn_wu_jian_council_hall,
          kiku_gazebo_pond_becter, minmay_temple_entry_large_hall,
          chequers_guarded_unrand_ignorance, uniq_prince_ribbit1, uniq_pikel
D:8:      layout_basic, old_standard_altar
D:9:      layout_roguey, gammafunk_ghost_split, uniq_joseph
D:10:     layout_grid_maze, minmay_lair_entry_grove,
          nicolae_trove_entry_path_of_doom, kennysheep_nub,
          corexii_leaking_fountain
Temple:   eino_temple_lava

Skill      XL: |  1  2  3  4  5  6  7  8  9 10 |
---------------+-------------------------------+-----
Earth Magic    | 4 5 6 7 8 9 |  9.7
Transmutations | 1 2 3 4 |  4.3
Fighting       | 1 2 3 4 5 |  5.6
Dodging        | 2 3 4 |  4.6
Conjurations   | 1 2 3 4 5 6 8 |  8.0
Spellcasting   | 3 4 5 6 |  6.4
Shields        | 1 3 |  3.2
Staves         | 1 |  1.8
Stealth        | |  2.1

Action                   |  1- 3 |  4- 6 |  7- 9 | 10-12 || total
-------------------------+-------+-------+-------+-------++-------
Melee: Unarmed           |    36 |       |       |       ||    36
       Dagger            |    33 |   180 |    86 |    33 ||   332
       Lajatang          |       |       |       |    34 ||    34
Throw: Dart              |       |     5 |     7 |       ||    12
 Cast: Sandblast         |    53 |    79 |   143 |       ||   275
       Stone Arrow       |     1 |     1 |    45 |   117 ||   164
       Lee's Rapid Decon |       |       |       |     2 ||     2
Evoke: Wand              |       |     2 |       |       ||     2
  Use: Scroll            |       |     5 |     2 |     6 ||    13
 Stab: Sleeping          |     4 |     2 |     3 |       ||     9
Armor: Robe              |    50 |    82 |    94 |    24 ||   250
       Leather armour    |       |       |       |    19 ||    19
Dodge: Dodged            |    99 |   154 |   144 |    87 ||   484

Table legend: (Time is in decaauts)
 A = Elapsed time spent in this place.
 B = Non-inter-level travel time spent in this place.
 C = Inter-level travel time spent in this place.
 D = Time resting spent in this place.
 E = Time spent auto-exploring this place.
 F = Levels seen in this place.
 G = Mean time per level.
                   A        B        C        D        E       F      G
               +--------+--------+--------+--------+--------+-----+--------+
         Total |  14620 |  14230 |    390 |   1966 |   9915 |  12 | 1218.3 |
       Dungeon |  13934 |  13553 |    381 |   1896 |   9418 |  10 | 1393.4 |
        Temple |    181 |    172 |      9 |     70 |     89 |   1 |  181.0 |
         Sewer |    504 |    504 |      0 |      0 |    408 |   1 |  504.0 |
               +--------+--------+--------+--------+--------+-----+--------+

Top non-repeatable levels by time:
     D:7: 2742 daAuts
     D:1: 1989 daAuts
     D:6: 1841 daAuts
     D:5: 1493 daAuts
     D:9: 1468 daAuts
     D:4: 1263 daAuts
     D:2: 1103 daAuts
     D:8: 1019 daAuts
     D:3: 1007 daAuts
   Sewer: 504 daAuts
  Temple: 181 daAuts
    D:10: 3 daAuts
